[ AOE2 MATCH · #479741103 ]
1v1 RMMapuche vs Georgians
Player's team · LOSS
[ REPLAY ANALYSIS · EXTRACTED FROM THE RECORDED GAME ]
Feudal
9:43
Castle
24:53
Imperial
—
| APM avg | 56.7 |
| APM peak | 111 |
| eAPM avg | 22.7 |
| Villagers / military | 73 / 16 |
Focus
⚔️ 29.9% · 🌾 70.1%
Kona ×8 · Unknown (2550) ×6 · Monk ×5 · Spearman ×3
Feudal
9:16
Castle
23:52
Imperial
—
| APM avg | 58.3 |
| APM peak | 115 |
| eAPM avg | 18.4 |
| Villagers / military | 79 / 35 |
Focus
⚔️ 32.5% · 🌾 67.5%
Scout Cavalry ×12 · Militia ×11 · Knight ×10 · Monk ×2
Match map
Resources at game start + every placement click. Thick line = wall · dashed box = detected house wall. 🟡 gold · ⚪ stone · 🟢 berries · 🔶 boar · ⭕ relic
Inputs per minute
— Jaggo_ - - Cegisaurio [GiGi]
Build order — Jaggo_
First 150 of 213 actions detected
| 0:00 | Create | Villager (Male) |
| 0:01 | Create | Villager (Male) |
| 0:01 | Create | Villager (Male) |
| 0:02 | Build | House |
| 0:03 | Build | House |
| 0:33 | Create | Villager (Male) |
| 1:06 | Build | Settlement |
| 1:34 | Create | Villager (Male) |
| 1:34 | Create | Villager (Male) |
| 2:01 | Create | Villager (Male) |
| 2:32 | Create | Villager (Male) |
| 2:32 | Create | Villager (Male) |
| 2:54 | Research | Loom |
| 2:54 | Research | Loom |
| 3:11 | Create | Villager (Male) |
| 3:12 | Create | Villager (Male) |
| 3:25 | Create | Villager (Male) |
| 3:42 | Create | Villager (Male) |
| 4:26 | Build | Settlement |
| 4:29 | Create | Villager (Male) |
| 4:43 | Create | Villager (Male) |
| 4:43 | Create | Villager (Male) |
| 4:44 | Create | Villager (Male) |
| 5:42 | Create | Villager (Male) |
| 5:56 | Create | Villager (Male) |
| 6:23 | Create | Villager (Male) |
| 6:48 | Build | Barracks |
| 6:52 | Create | Villager (Male) |
| 7:33 | Research | Feudal Age |
| 7:33 | Research | Feudal Age |
| 8:01 | Create | Unit 2550 |
| 8:02 | Create | Unit 2550 |
| 8:02 | Create | Unit 2550 |
| 8:25 | Build | Settlement |
| 9:10 | Create | Unit 2550 |
| 9:33 | Build | House |
| 9:42 | Build | House |
| 9:43 | Age | Feudal Age |
| 9:52 | Research | Tech 1402 |
| 9:52 | Create | Villager (Male) |
| 10:10 | Create | Villager (Male) |
| 10:24 | Build | House |
| 10:25 | Build | Palisade Wall |
| 10:31 | Create | Villager (Male) |
| 10:45 | Create | Villager (Male) |
| 10:48 | Research | Horse Collar |
| 10:48 | Research | Double-Bit Axe |
| 10:48 | Research | Double-Bit Axe |
| 11:14 | Build | Farm |
| 11:16 | Build | Farm |
| 11:20 | Build | Farm |
| 11:51 | Create | Villager (Male) |
| 11:52 | Build | Farm |
| 11:53 | Build | Farm |
| 11:54 | Create | Villager (Male) |
| 12:07 | Create | Unit 2550 |
| 12:07 | Create | Unit 2550 |
| 12:15 | Build | Farm |
| 12:23 | Build | Farm |
| 12:39 | Create | Villager (Male) |
| 12:48 | Create | Spearman |
| 13:18 | Create | Villager (Male) |
| 13:18 | Create | Villager (Male) |
| 13:23 | Build | Farm |
| 13:24 | Build | Farm |
| 13:25 | Build | Farm |
| 13:26 | Build | Farm |
| 13:29 | Create | Villager (Male) |
| 14:06 | Create | Villager (Male) |
| 14:12 | Build | Blacksmith |
| 14:17 | Create | Villager (Male) |
| 14:46 | Build | Market |
| 15:13 | Create | Villager (Male) |
| 15:16 | Create | Spearman |
| 15:19 | Build | House |
| 15:23 | Build | Palisade Wall |
| 15:29 | Build | House |
| 15:29 | Build | Palisade Wall |
| 15:43 | Build | Palisade Wall |
| 15:49 | Research | Wheelbarrow |
| 15:49 | Research | Wheelbarrow |
| 16:00 | Build | House |
| 16:09 | Build | Building 796 |
| 16:12 | Build | Palisade Wall |
| 16:35 | Create | Villager (Male) |
| 16:58 | Build | Palisade Wall |
| 17:06 | Build | House |
| 17:08 | Build | Palisade Wall |
| 17:32 | Build | House |
| 17:37 | Create | Villager (Male) |
| 17:41 | Build | Farm |
| 17:41 | Build | Farm |
| 17:42 | Build | Farm |
| 17:42 | Build | Farm |
| 17:42 | Build | Farm |
| 17:49 | Create | Villager (Male) |
| 18:00 | Create | Villager (Male) |
| 18:04 | Create | Spearman |
| 18:15 | Create | Villager (Male) |
| 18:22 | Build | House |
| 18:22 | Create | Villager (Male) |
| 18:25 | Build | Palisade Wall |
| 18:28 | Build | Palisade Wall |
| 18:29 | Build | Palisade Wall |
| 18:45 | Create | Villager (Male) |
| 18:51 | Build | Farm |
| 18:59 | Build | Palisade Wall |
| 19:01 | Build | Palisade Wall |
| 19:04 | Build | Palisade Wall |
| 19:07 | Create | Villager (Male) |
| 19:21 | Build | House |
| 19:22 | Build | Palisade Wall |
| 19:32 | Build | Palisade Wall |
| 19:38 | Create | Villager (Male) |
| 20:06 | Build | House |
| 20:14 | Build | Farm |
| 20:22 | Build | House |
| 20:26 | Build | Palisade Wall |
| 20:31 | Create | Villager (Male) |
| 20:50 | Build | House |
| 20:53 | Build | Palisade Wall |
| 21:03 | Create | Villager (Male) |
| 21:30 | Build | Farm |
| 21:30 | Create | Villager (Male) |
| 21:33 | Build | Farm |
| 21:52 | Build | House |
| 21:55 | Build | House |
| 22:04 | Build | Farm |
| 22:09 | Build | House |
| 22:13 | Research | Castle Age |
| 22:13 | Research | Castle Age |
| 23:16 | Build | House |
| 23:17 | Build | Palisade Wall |
| 23:18 | Build | Palisade Wall |
| 23:49 | Research | Fletching |
| 23:49 | Research | Fletching |
| 24:08 | Build | Stone Wall |
| 24:10 | Build | Stone Wall |
| 24:27 | Build | House |
| 24:36 | Build | Stone Wall |
| 24:52 | Build | Farm |
| 24:53 | Build | Farm |
| 24:53 | Age | Castle Age |
| 24:59 | Build | Castle |
| 25:12 | Research | Bodkin Arrow |
| 25:12 | Research | Bodkin Arrow |
| 25:13 | Create | Villager (Male) |
| 25:19 | Build | Stone Wall |
| 25:25 | Build | Stone Wall |
| 25:34 | Build | Stone Wall |
Build order — Cegisaurio [GiGi]
First 150 of 211 actions detected
| 0:00 | Create | Villager (Male) |
| 0:00 | Create | Villager (Male) |
| 0:01 | Create | Villager (Male) |
| 0:02 | Build | House |
| 0:03 | Build | House |
| 0:06 | Create | Villager (Male) |
| 1:32 | Create | Villager (Male) |
| 1:58 | Build | Mule Cart |
| 2:03 | Create | Villager (Male) |
| 2:31 | Create | Villager (Male) |
| 2:56 | Create | Villager (Male) |
| 3:09 | Build | House |
| 3:21 | Research | Loom |
| 3:38 | Create | Villager (Male) |
| 3:54 | Create | Villager (Male) |
| 4:33 | Create | Villager (Male) |
| 4:58 | Create | Villager (Male) |
| 5:05 | Build | Mill |
| 5:15 | Create | Villager (Male) |
| 5:20 | Create | Villager (Male) |
| 5:39 | Create | Villager (Male) |
| 6:23 | Create | Villager (Male) |
| 7:05 | Research | Feudal Age |
| 7:45 | Build | Barracks |
| 8:16 | Build | House |
| 8:19 | Build | Palisade Wall |
| 8:24 | Create | Villager (Male) |
| 8:33 | Build | Palisade Wall |
| 8:38 | Build | House |
| 9:03 | Build | Palisade Wall |
| 9:16 | Age | Feudal Age |
| 9:18 | Build | Stable |
| 9:19 | Research | Double-Bit Axe |
| 9:23 | Research | Horse Collar |
| 9:24 | Create | Villager (Male) |
| 9:40 | Create | Villager (Male) |
| 9:51 | Build | House |
| 10:19 | Build | Farm |
| 10:20 | Build | Farm |
| 10:23 | Create | Scout Cavalry |
| 10:33 | Build | House |
| 10:34 | Build | Palisade Wall |
| 10:39 | Build | Palisade Wall |
| 10:43 | Build | Farm |
| 10:45 | Build | Farm |
| 10:47 | Build | Farm |
| 10:55 | Build | Farm |
| 11:00 | Create | Villager (Male) |
| 11:09 | Build | Farm |
| 11:21 | Create | Villager (Male) |
| 11:35 | Build | Palisade Wall |
| 11:51 | Create | Villager (Male) |
| 11:57 | Build | House |
| 11:59 | Build | Palisade Wall |
| 11:59 | Build | Palisade Wall |
| 12:04 | Create | Scout Cavalry |
| 12:09 | Build | Farm |
| 12:11 | Build | Farm |
| 12:19 | Create | Villager (Male) |
| 12:23 | Build | Farm |
| 12:26 | Create | Villager (Male) |
| 12:45 | Build | House |
| 12:53 | Build | House |
| 12:54 | Build | Palisade Wall |
| 13:06 | Create | Villager (Male) |
| 13:09 | Create | Villager (Male) |
| 13:22 | Build | Farm |
| 13:41 | Create | Villager (Male) |
| 13:44 | Create | Scout Cavalry |
| 13:49 | Build | Farm |
| 14:01 | Create | Scout Cavalry |
| 14:05 | Build | Farm |
| 14:13 | Build | Farm |
| 14:14 | Create | Villager (Male) |
| 14:28 | Build | Building 796 |
| 14:35 | Build | Building 796 |
| 14:41 | Create | Villager (Male) |
| 14:55 | Create | Villager (Male) |
| 15:10 | Create | Scout Cavalry |
| 15:12 | Build | Farm |
| 15:15 | Build | Stable |
| 15:20 | Build | Farm |
| 15:21 | Create | Villager (Male) |
| 15:50 | Create | Villager (Male) |
| 15:53 | Build | Blacksmith |
| 16:03 | Create | Scout Cavalry |
| 16:09 | Build | Farm |
| 16:29 | Create | Villager (Male) |
| 16:32 | Create | Villager (Male) |
| 16:41 | Create | Villager (Male) |
| 16:47 | Create | Scout Cavalry |
| 16:47 | Create | Scout Cavalry |
| 16:52 | Research | Scale Barding Armor |
| 16:55 | Build | Stable |
| 16:57 | Create | Villager (Male) |
| 17:19 | Create | Scout Cavalry ×2 |
| 17:48 | Create | Scout Cavalry |
| 17:48 | Create | Scout Cavalry |
| 17:51 | Create | Villager (Male) |
| 17:55 | Build | Farm |
| 18:07 | Build | House |
| 18:10 | Build | Mule Cart |
| 18:15 | Research | Forging |
| 18:20 | Build | Farm |
| 18:22 | Create | Villager (Male) |
| 18:46 | Create | Villager (Male) |
| 18:53 | Create | Villager (Male) |
| 19:01 | Create | Villager (Male) |
| 19:04 | Build | Farm |
| 19:12 | Create | Villager (Male) |
| 19:14 | Build | House |
| 19:24 | Build | Market |
| 19:36 | Build | House |
| 20:38 | Create | Villager (Male) |
| 21:12 | Research | Castle Age |
| 21:18 | Build | Barracks |
| 21:21 | Build | Barracks |
| 21:44 | Build | Barracks |
| 21:47 | Research | Man-at-Arms (upgrade) |
| 21:57 | Build | Mule Cart |
| 22:10 | Research | Gold Mining |
| 22:20 | Create | Militia ×2 |
| 22:24 | Build | Farm |
| 22:28 | Build | Farm |
| 22:32 | Build | Mill |
| 22:37 | Create | Militia |
| 22:47 | Create | Militia |
| 22:47 | Create | Militia |
| 22:56 | Build | Building 796 |
| 22:58 | Build | Palisade Wall |
| 23:03 | Create | Militia |
| 23:06 | Build | Farm |
| 23:07 | Build | Farm |
| 23:12 | Research | Scale Mail Armor |
| 23:14 | Create | Militia |
| 23:27 | Build | House |
| 23:28 | Build | House |
| 23:31 | Build | Farm |
| 23:52 | Age | Castle Age |
| 23:54 | Create | Villager (Male) |
| 23:55 | Research | Long Swordsman (upgrade) |
| 24:12 | Create | Knight |
| 24:12 | Create | Knight |
| 24:19 | Create | Villager (Male) |
| 24:21 | Build | Farm |
| 24:36 | Research | Chain Mail Armor |
| 24:43 | Create | Villager (Male) |
| 24:54 | Create | Militia |
| 24:59 | Build | Siege Workshop |
| 25:15 | Create | Villager (Male) |
Match timeline
| 6:48 | Jaggo_ · first_building Barracks |
| 7:45 | Cegisaurio [GiGi] · first_building Barracks |
| 8:19 | Cegisaurio [GiGi] · wall_segment Palisade Wall x1 |
| 8:33 | Cegisaurio [GiGi] · wall_segment Palisade Wall x1 |
| 9:03 | Cegisaurio [GiGi] · wall_segment Palisade Wall x1 |
| 9:16 | Cegisaurio [GiGi] · age_up feudal |
| 9:18 | Cegisaurio [GiGi] · first_building Stable |
| 9:43 | Jaggo_ · age_up feudal |
| 10:25 | Jaggo_ · wall_segment Palisade Wall x3 |
| 10:34 | Cegisaurio [GiGi] · wall_segment Palisade Wall x16 |
| 10:39 | Cegisaurio [GiGi] · wall_segment Palisade Wall x5 |
| 11:35 | Cegisaurio [GiGi] · wall_segment Palisade Wall x1 |
| 11:59 | Cegisaurio [GiGi] · wall_segment Palisade Wall x2 |
| 11:59 | Cegisaurio [GiGi] · wall_segment Palisade Wall x1 |
| 12:54 | Cegisaurio [GiGi] · wall_segment Palisade Wall x1 |
| 15:23 | Jaggo_ · wall_segment Palisade Wall x9 |
| 15:29 | Jaggo_ · wall_segment Palisade Wall x11 |
| 15:43 | Jaggo_ · wall_segment Palisade Wall x7 |
| 16:12 | Jaggo_ · wall_segment Palisade Wall x1 |
| 16:58 | Jaggo_ · wall_segment Palisade Wall x1 |
| 17:08 | Jaggo_ · wall_segment Palisade Wall x3 |
| 18:25 | Jaggo_ · wall_segment Palisade Wall x1 |
| 18:28 | Jaggo_ · wall_segment Palisade Wall x1 |
| 18:29 | Jaggo_ · wall_segment Palisade Wall x1 |
| 18:59 | Jaggo_ · wall_segment Palisade Wall x1 |
| 19:01 | Jaggo_ · wall_segment Palisade Wall x1 |
| 19:04 | Jaggo_ · wall_segment Palisade Wall x1 |
| 19:22 | Jaggo_ · wall_segment Palisade Wall x1 |
| 19:32 | Jaggo_ · wall_segment Palisade Wall x5 |
| 20:26 | Jaggo_ · wall_segment Palisade Wall x3 |
| 20:53 | Jaggo_ · wall_segment Palisade Wall x1 |
| 22:58 | Cegisaurio [GiGi] · wall_segment Palisade Wall x4 |
| 23:17 | Jaggo_ · wall_segment Palisade Wall x2 |
| 23:18 | Jaggo_ · wall_segment Palisade Wall x3 |
| 23:52 | Cegisaurio [GiGi] · age_up castle |
| 24:08 | Jaggo_ · wall_segment Stone Wall x8 |
| 24:10 | Jaggo_ · wall_segment Stone Wall x6 |
| 24:36 | Jaggo_ · wall_segment Stone Wall x2 |
| 24:53 | Jaggo_ · age_up castle |
| 24:59 | Cegisaurio [GiGi] · first_building Siege Workshop |
| 24:59 | Jaggo_ · first_building Castle |
| 25:19 | Jaggo_ · wall_segment Stone Wall x7 |
| 25:25 | Jaggo_ · wall_segment Stone Wall x5 |
| 25:34 | Jaggo_ · wall_segment Stone Wall x1 |
| 25:41 | Cegisaurio [GiGi] · wall_segment Palisade Wall x8 |
| 25:43 | Jaggo_ · wall_segment Stone Wall x1 |
| 28:05 | Cegisaurio [GiGi] · first_building Monastery |
| 28:24 | Jaggo_ · first_building Monastery |
| 29:24 | Cegisaurio [GiGi] · first_building Castle |
| 32:13 | Jaggo_ · resign |
[ AI ANALYSIS · 1 CREDIT ]
What really happened in this match?
Wolo.gg analyzes every decision: build order, eco, micro, common mistakes by bracket. Personalized analysis on WhatsApp or Discord in 30 seconds.
Civ guide
Mapuche
Map guide
Arabia
Perfil
Jaggo_